Map: King's Cove LE

Players

ShoWTimE - Winner!

  • Race: Protoss Protoss
  • League: Grandmaster
  • Spawn Location: 11:00

Namshar

  • Race: Zerg Zerg
  • League: Grandmaster
  • Spawn Location: 5:00

Event: HomeStory Cup XIX

VOD

Have the link to the VOD?

Description

Time

  • Played on: June 28, 2019, 6:29 a.m.
  • Length: 15:24

All games in this series

Show
View Real Time Build Order
Export as new Build Order

ShoWTimE Protoss - Winner!

Build Orders: 1 Gate Expand, Oracle Opening, Phoenix Opening, Archon Immortal 

Get SALT Encoding   

  12  0:00  Probe  
  13  0:12  Probe  
  14  0:17  Pylon  
  14  0:24  Probe  
  15  0:32  Probe  
  15  0:40  Probe, Gateway  
  16  0:47  Assimilator  
  17  0:51  Probe  
  18  1:03  Probe  
  19  1:15  Probe  
  20  1:26  Nexus  
  20  1:29  Probe  
  21  1:40  Cybernetics Core  
  21  1:43  Probe  
  22  1:48  Assimilator  
  22  1:56  Pylon  
  22  1:59  Probe  
  23  2:07  Adept  
  23  2:14  Probe  
  24  2:19  Stargate  
  26  2:26  Warp Gate  
  26  2:27  Probe  
  27  2:36  Adept, Probe x2  
  31  2:44  Probe x2  
  33  2:53  Probe  
  33  2:54  Probe  
  35  2:58  Phoenix  
  37  3:06  Probe x2  
  37  3:10  Pylon  
  39  3:16  Oracle  
  39  3:18  Probe x2  
  44  3:30  Probe x2  
  46  3:34  Gateway  
  46  3:42  Probe x2  
  46  3:43  Assimilator  
  46  3:44  Assimilator  
  46  3:47  Oracle  
  48  3:52  Pylon  
  48  3:54  Probe x2  
  53  4:02  Pylon  
  53  4:06  Probe  
  54  4:10  Probe  
  54  4:16  Robotics Facility  
  55  4:18  Probe, Oracle  
  55  4:22  Probe  
  60  4:38  Probe  
  59  4:40  Adept x2  
  61  4:51  Nexus  
  61  4:53  Pylon  
  61  4:56  Warp Prism  
  61  4:58  Forge, Probe x2  
  63  5:01  Twilight Council  
  65  5:17  Shield Battery  
  65  5:18  Probe x2  
  65  5:20  Pylon  
  67  5:25  Sentry x2  
  71  5:30  Probe, Observer  
  71  5:31  Probe  
  74  5:42  Charge  
  71  5:46  Protoss Ground Weapons Level 1  
  71  5:47  Immortal  
  71  5:53  Gateway  
  71  5:56  Gateway  
  75  6:00  Adept x2  
  75  6:02  Gateway  
  79  6:04  Gateway  
  79  6:10  Templar Archives, Probe x2  
  81  6:11  Probe  
  82  6:22  Probe  
  82  6:23  Probe, Sentry  
  82  6:24  Probe, Sentry  
  89  6:32  Immortal  
  89  6:34  Probe  
  89  6:35  Probe  
  89  6:37  Probe  
  89  6:39  Pylon  
  92  6:40  Pylon  
  92  6:45  Assimilator  
  92  6:47  Probe x2  
  98  6:49  Probe  
  98  6:50  Assimilator  
  98  6:52  Pylon  
  99  6:57  Pylon  
  99  6:58  Zealot x3  
  105  7:01  Immortal  
  105  7:02  Probe  
  106  7:10  Pylon  
  106  7:11  Pylon  
  106  7:15  Pylon  
  110  7:19  Gateway  
  110  7:21  Gateway  
  110  7:28  Gateway  
  110  7:29  Gateway  
  110  7:34  Probe  
  110  7:35  Pylon  
  111  7:39  High Templar x5  
  111  7:40  High Templar  
  111  7:41  Immortal  
  111  7:43  Protoss Ground Weapons Level 2  
  123  7:45  Archon x3  
  123  7:49  Probe  
  128  7:57  Pylon  
  128  8:03  Nexus  
  128  8:06  Psionic Storm  
  128  8:12  Warp Prism  
  128  8:17  High Templar  
  128  8:18  Probe  
  128  8:19  Probe x2  
  133  8:20  Photon Cannon  
  133  8:25  High Templar  
  137  8:33  High Templar  
  139  8:38  Probe  
  132  8:44  High Templar  
  132  8:45  Photon Cannon  
  132  8:46  Photon Cannon  
  132  8:48  Photon Cannon  
  134  8:50  Shield Battery  
  134  8:52  Pylon  
  134  8:53  Assimilator, Probe x3  
  134  8:54  High Templar  
  139  8:59  Assimilator  
  139  9:03  High Templar  
  139  9:05  Probe  
  142  9:15  Zealot x5, Fleet Beacon  
  142  9:16  Zealot  
  154  9:19  Zealot x2  
  158  9:27  Stargate  
  158  9:33  Zealot, Pylon  
  160  9:39  Zealot x4  
  160  9:41  Archon  
  164  9:48  Zealot x5  
  164  9:51  Probe x3  
  164  9:52  Probe  
  173  9:56  Mothership  
  166  10:01  Probe  
  166  10:05  Tempest  
  159  10:10  Tempest  
  175  10:21  Protoss Air Weapons Level 1  
  175  10:22  Zealot x2  
  175  10:24  Protoss Ground Weapons Level 3  
  175  10:25  Zealot  
  175  10:27  Zealot  
  169  10:40  Probe x2  
  169  10:41  Probe  
  170  10:48  Tempest x2  
  166  11:12  Nexus  
  166  11:13  Pylon, High Templar x2  
  166  11:14  High Templar x4  
  166  11:16  Pylon  
  166  11:18  Photon Cannon  
  178  11:19  Archon x2  
  178  11:20  Photon Cannon  
  178  11:22  Tempest  
  178  11:25  Archon, Tempest  
  188  11:47  Zealot x5  
  188  11:48  Zealot x2  
  188  11:50  Assimilator  
  200  11:54  Assimilator  
  200  11:59  Photon Cannon  
  200  12:00  Gateway, Photon Cannon  
  200  12:05  Protoss Air Weapons Level 2, Gateway  
  186  12:34  Warp Prism  
  188  12:37  Zealot x6, Photon Cannon  
  188  12:39  Pylon  
  200  12:51  Stargate  
  200  12:53  Pylon  
  196  12:59  Protoss Shields Level 1  
  182  13:06  Carrier x2  
  182  13:09  Zealot x3  
  187  13:25  Zealot x2  
  187  13:26  Zealot x5  
  192  13:35  High Templar x3  
  164  13:52  Zealot x6, Carrier x2  
  163  13:58  Carrier  
  163  13:59  Archon  
  144  14:11  High Templar x4  
  144  14:12  High Templar x6  
  170  14:20  Archon x2  
  170  14:21  Archon  
  170  14:37  Photon Cannon  
  170  14:39  Photon Cannon  
  170  14:42  Shield Battery  
  170  14:43  High Templar x2  
  170  14:44  Zealot x2, Pylon, High Templar x2  
  182  14:48  Archon x2  
  182  14:49  Zealot x2  
  174  15:07  Zealot x3  
  176  15:21  Archon x3  
Show
View Real Time Build Order
Export as new Build Order

Namshar Zerg 

Build Orders: Hatch First, Brood Lord Corruptor 

Get SALT Encoding   

  12  0:00  Drone  
  13  0:13  Overlord  
  13  0:18  Drone  
  14  0:31  Drone x2  
  16  0:49  Hatchery  
  15  0:52  Drone  
  15  0:55  Drone  
  17  0:58  Drone  
  18  1:09  Extractor  
  17  1:14  Spawning Pool  
  17  1:18  Drone  
  17  1:21  Drone  
  18  1:28  Drone  
  19  1:39  Drone  
  20  1:50  Drone  
  21  2:01  Queen x2  
  21  2:02  Overlord, Zergling x2  
  26  2:10  Metabolic Boost  
  26  2:11  Drone  
  26  2:14  Drone  
  29  2:22  Drone  
  29  2:23  Drone  
  30  2:32  Drone  
  30  2:34  Drone  
  32  2:43  Hatchery  
  31  2:46  Drone  
  31  2:51  Pneumatized Carapace  
  32  2:55  Overlord  
  32  2:59  Drone  
  32  3:02  Drone  
  34  3:07  Drone  
  35  3:13  Drone  
  35  3:14  Drone x2  
  35  3:16  Drone x2  
  35  3:19  Overlord  
  40  3:21  Zergling x2  
  40  3:25  Queen  
  43  3:29  Overlord  
  44  3:34  Drone  
  44  3:39  Evolution Chamber  
  44  3:41  Drone x2  
  45  3:50  Drone x4  
  45  3:54  Queen  
  51  3:56  Spore Crawler  
  51  3:57  Spore Crawler  
  51  3:58  Drone  
  50  4:03  Drone x2  
  50  4:05  Spore Crawler  
  50  4:09  Drone  
  52  4:10  Drone x2  
  54  4:19  Drone x4  
  54  4:22  Overlord  
  54  4:23  Zerg Melee Weapons Level 1  
  56  4:40  Drone x3  
  56  4:42  Lair  
  56  4:43  Drone x5  
  63  4:47  Overlord  
  63  4:48  Roach Warren  
  63  4:52  Drone x2  
  64  4:56  Extractor  
  64  4:58  Extractor, Drone  
  64  4:59  Baneling Nest, Queen  
  65  5:03  Overlord x2  
  65  5:12  Drone x2  
  65  5:13  Drone x6  
  69  5:20  Overlord  
  69  5:21  Drone  
  69  5:22  Drone x3  
  73  5:28  Extractor  
  73  5:29  Extractor  
  73  5:32  Overlord, Drone  
  67  5:36  Drone x2  
  67  5:41  Drone x2  
  69  5:45  Overlord  
  69  5:46  Drone x6  
  69  5:47  Centrifical Hooks  
  75  5:55  Hatchery  
  74  6:00  Drone x3  
  74  6:02  Hydralisk Den  
  76  6:08  Extractor  
  76  6:11  Drone  
  76  6:13  Drone x2  
  76  6:15  Zergling x8  
  76  6:16  Zergling x4  
  81  6:23  Drone x4  
  81  6:25  Zerg Melee Weapons Level 2  
  84  6:32  Spore Crawler  
  80  6:41  Grooved Spines  
  80  6:42  Drone x4  
  80  6:44  Drone x2, Infestation Pit  
  84  6:55  Drone  
  84  6:59  Hydralisk x7  
  99  7:04  Drone x5  
  103  7:11  Overseer  
  103  7:12  Hydralisk x3  
  109  7:16  Hydralisk  
  109  7:22  Baneling x6  
  110  7:23  Baneling  
  110  7:24  Zergling x2  
  110  7:25  Zergling x2  
  110  7:26  Overlord x2  
  112  7:43  Queen  
  114  7:44  Zergling x2  
  114  7:45  Zergling x24  
  114  7:49  Zergling x2  
  127  7:53  Muscular Augments  
  127  7:54  Hive  
  127  7:57  Spire  
  127  7:58  Drone  
  127  7:59  Overlord x2  
  127  8:09  Drone  
  127  8:12  Baneling x4  
  128  8:14  Baneling x6  
  128  8:30  Hydralisk x8  
  144  8:39  Overlord x3  
  144  8:40  Overlord x2  
  144  8:52  Hatchery  
  143  9:00  Drone x3  
  143  9:01  Drone x7  
  153  9:03  Baneling x5  
  153  9:04  Zergling x2  
  153  9:05  Zergling x12  
  160  9:10  Spine Crawler, Greater Spire  
  159  9:17  Zergling x16  
  159  9:22  Zergling x2  
  159  9:23  Zergling x10  
  173  9:32  Overlord x2  
  173  9:33  Overlord  
  173  9:36  Corruptor  
  173  9:37  Corruptor x2  
  174  9:49  Zergling x2, Hydralisk  
  174  9:50  Zergling x18  
  181  9:59  Drone  
  172  10:04  Corruptor x3  
  172  10:11  Hydralisk  
  172  10:12  Zergling x18  
  183  10:16  Hatchery  
  182  10:23  Brood Lord x3  
  182  10:30  Infestation Pit  
  178  10:36  Brood Lord x3  
  182  10:47  Hydralisk  
  182  10:48  Zergling x30  
  173  11:00  Extractor, Queen x3  
  173  11:01  Zerg Flyer Weapons Level 1, Extractor  
  173  11:03  Drone x3  
  178  11:11  Spine Crawler  
  172  11:12  Spine Crawler  
  172  11:18  Corruptor x4  
  173  11:20  Overseer x2  
  180  11:25  Drone x2  
  180  11:26  Drone x2  
  180  11:28  Spore Crawler  
  180  11:32  Spine Crawler, Drone x2  
  183  11:33  Drone x2  
  183  11:36  Spine Crawler  
  183  11:38  Spine Crawler  
  183  11:56  Drone x3  
  183  12:00  Spine Crawler  
  185  12:01  Spine Crawler, Spore Crawler  
  185  12:02  Drone x2  
  185  12:03  Spine Crawler  
  185  12:05  Spine Crawler, Pathogen Glands  
  185  12:06  Zerg Melee Weapons Level 3  
  185  12:07  Adrenal Glands  
  183  12:09  Extractor  
  183  12:13  Extractor  
  181  12:16  Baneling x5  
  176  12:23  Zergling x4, Hydralisk  
  176  12:24  Zergling x18  
  181  12:32  Overseer x2  
  181  12:33  Overseer  
  179  12:41  Drone, Infestor x3  
  179  12:43  Spore Crawler x2  
  179  12:44  Spore Crawler x2  
  183  12:47  Infestor x2  
  186  12:55  Infestor x3  
  186  12:56  Overseer  
  183  13:07  Corruptor x3  
  183  13:12  Infestor  
  164  13:20  Corruptor  
  164  13:22  Zergling x14  
  150  13:36  Zergling x18, Hydralisk  
  122  13:51  Hydralisk x6  
  120  14:00  Hydralisk  
  120  14:01  Zergling x10  
  119  14:14  Overseer  
  112  14:18  Corruptor  
  112  14:19  Corruptor x3  
  112  14:23  Infestor x2  
  122  14:29  Drone  
  122  14:30  Drone x2  
  125  14:31  Drone  
  126  14:41  Brood Lord x2  
  128  14:55  Hydralisk x6  
  128  14:58  Overseer  
Tags
 
Add a new tag
Caveats
  • Supply blocks, unpowered buildings, or Contaminate may cause inaccurate times.
  • Supply counts are checked every 10 seconds.